AoeStats
← [GDL] Maldito Pantoja

Hideout

503505751Analyzed
4v4 RM · 1mo ago on Sep 1, 2026· 38m 25s· 8 players
Game mode
Random Map
Map size
Large (8 player)
Population
200
Speed
Normal
Resources
Standard
Victory
Conquest
Starting age
Dark Age
Ending age
Imperial Age
RankedLock teamsTeams togetherTeam positionsShared explorationLock speedFull tech treeHidden civsTurbo modeCheats
Victory
Defeat
🇨🇳 Spanish · China
1344
+15
🇺🇸 Poles · United States
1336
+16
🇲🇽 Saracens · Mexico
1317
+17
🇺🇸 Mongols · United States
1286
+18
🇲🇽 Georgians · Mexico
1452
-22
1316
-16
🇨🇴 Japanese · Colombia
1284
-14
🇵🇪 Tupi · Peru
1269
-14
Shotzsik
9:03 Loom
11:14 Feudal Age
15:52 Castle Age
14:47 Double-Bit Axe
15:11 Horse Collar
26:43 Fletching
31:29 Wheelbarrow
31:48 Bodkin Arrow
黑洞
10:54 Feudal Age
15:12 Wheelbarrow
15:05 Loom
17:25 Castle Age
15:48 Double-Bit Axe
16:18 Horse Collar
19:27 Padded Archer Armor
24:17 Leather Archer Armor
25:38 Bloodlines
25:28 Husbandry
28:59 Bow Saw
28:51 Heavy Plow
29:50 Wheelbarrow
31:01 Gold Mining
38:36 Imperial Age
37:41 Hand Cart
[GDL] Maldito Pantoja
11:21 Feudal Age
12:50 Wheelbarrow
12:00 Loom
15:10 Castle Age
17:47 Loom
21:11 Horse Collar
21:23 Double-Bit Axe
21:29 Gold Mining
23:57 Heavy Plow
24:24 Bow Saw
26:45 Forging
29:26 Scale Barding Armor
33:49 Imperial Age
32:07 Chain Barding Armor
32:57 Iron Casting
33:40 Bloodlines
33:30 Husbandry
33:40 Bloodlines
34:54 Conscription
35:13 Plate Barding Armor
37:15 Blast Furnace
38:33 Hand Cart
Dusk_
0:27 Loom
10:02 Feudal Age
12:11 Loom
15:15 Castle Age
13:08 Horse Collar
13:19 Double-Bit Axe
15:26 Scale Barding Armor
15:33 Bloodlines
16:30 Bow Saw
19:06 Forging
22:02 Wheelbarrow
21:29 Heavy Plow
21:42 Town Watch
22:19 Chain Barding Armor
22:23 Husbandry
24:39 Iron Casting
25:07 Hand Cart
31:30 Imperial Age
31:59 Gold Mining
31:34 Cavalier
33:15 Blast Furnace
35:34 Light Cavalry
37:32 Stone Mining
CTM | Interestellar space
10:39 Feudal Age
13:52 Scale Barding Armor
19:41 Castle Age
19:07 Forging
21:23 Husbandry
22:26 Bloodlines
29:17 Horse Collar
32:34 Heavy Plow
32:24 Double-Bit Axe
35:50 Light Cavalry
[PvS]AndFe
7:05 Loom
9:18 Feudal Age
9:52 Double-Bit Axe
19:14 Wheelbarrow
21:17 Castle Age
19:48 Fletching
22:16 Scale Mail Armor
23:33 Padded Archer Armor
23:14 Crossbowman
25:18 Bodkin Arrow
32:05 Elite Skirmisher
32:46 Horse Collar
34:35 Ballistics
34:12 Murder Holes
35:05 Town Watch
36:16 Leather Archer Armor
EL GORDO Y SUS AMIGOS
6:44 Loom
9:43 Feudal Age
15:05 Castle Age
14:15 Double-Bit Axe
15:41 Town Watch
16:22 Fletching
22:22 Redemption
25:20 Bodkin Arrow
36:48 Wheelbarrow
CTM Nitto
10:44 Feudal Age
12:27 Double-Bit Axe
14:43 Castle Age
13:09 Horse Collar
14:14 Gold Mining
21:50 Bow Saw
25:18 Scale Barding Armor
25:23 Forging
25:40 Heavy Plow
25:51 Husbandry
26:01 Bloodlines
26:41 Chain Barding Armor
27:55 Iron Casting
32:59 Wheelbarrow
33:16 Town Watch
33:17 Loom
35:09 Fletching
39:44 Imperial Age
Connection lost

Rejoining the realm…

Still unreachable

The connection could not be restored.

Session expired

The server has moved on; the page needs a fresh start.